cohdb
Replays
Latest Replays
All Replays
Popular Replays
Top Player Replays
Match Explorer
How It Works
Community
CoH3 Stats
Reddit
Sign in to upload your games and track your stats! →
Sign in with Steam
Match 43613430
Unlisted
Match 43613430
Overview
Messages
Build Orders
End
Vickers Machine Gun Team
Construct Section Command Post
Selects Air and Sea Battlegroup
ML 3-inch Mortar Team
ML 3-inch Mortar Team
Construct Platoon Command Post
Humber Armored Car
Selects Commando Section Paradrop
Selects Commando Support Section Paradrop
Commando Support Section Paradrop
Commando Section Paradrop
6-pounder Anti-tank Gun Team
Selects Supply Surplus
Construct Field Infirmary
Forward Retreat Point
Construct Company Command Post
Crusader II Medium Tank
Selects Anti-tank Rocket Loiter
Crusader II Medium Tank
Officer
Tico
LoCo|StetoGuy
Jordon_S-aints
Wehearvoices
geitje1
ionwood
Доминик Декоко
0
0
Comments
sign in to comment!
No comments posted yet!